 Dungeon Crawl Stone Soup version 0.28-a0-1486-g8196b01e9b (webtiles) character file.

Game seed: 10959783607598079384

294 Nattfarinn the Covert (level 6, -5/38 HPs)
             Began as a Kobold Brigand on Jan 12, 2022.
             Slain by an iguana (12 damage)
             ... on level 5 of the Dungeon.
             The game lasted 00:03:06 (4269 turns).

Nattfarinn the Covert (Kobold Brigand)              Turns: 4269, Time: 00:03:06

Health: -5/38      AC:  4    Str:  9    XL:     6   Next: 60%
Magic:  6/6        EV: 14    Int: 12    God:
Gold:   130        SH:  0    Dex: 18    Spells: 5/5 levels left

rFire   . . .      SeeInvis .   a - +2 dagger
rCold   . . .      Faith    .   (no shield)
rNeg    . . .      Spirit   .   b - +0 robe
rPois   .          Reflect  .   (no helmet)
rElec   .          Harm     .   c - +0 cloak
rCorr   .          Rampage  .   (no gloves)
Will    .....                   f - +0 pair of boots
Stlth   +++++.....              (no amulet)
HPRegen 0.12/turn               (no ring)
MPRegen 0.10/turn               (no ring)

@: no status effects
A: small, no large weapons, nightstalker 3
a: no special abilities


You were on level 5 of the Dungeon.
You visited 2 branches of the dungeon, and saw 6 of its levels.

You collected 130 gold pieces.

Inventory:

Hand Weapons
 a - a +2 dagger (weapon)
Missiles
 d - 46 poisoned darts (quivered)
 e - 2 curare-tipped darts
Armour
 b - a +0 robe (worn)
 c - a +0 cloak (worn)
 f - a +0 pair of boots (worn)
Wands
 q - a wand of polymorph (6)
 s - a wand of mindburst (8)
 u - a wand of iceblast (5)
Scrolls
 h - a scroll of identify {unknown}
 j - a scroll of blinking {unknown}
 k - 2 scrolls of fear {unknown}
 m - a scroll of vulnerability {unknown}
 o - 3 scrolls of magic mapping {unknown}
 p - a scroll of noise {unknown}
 r - a scroll of immolation {unknown}
 t - a scroll of summoning {unknown}
Potions
 g - a potion of mutation {unknown}
 i - 2 potions of flight {unknown}
 l - 2 potions of curing {unknown}
 n - a potion of degeneration {unknown}


   Skills:
 + Level 4.0 Fighting
 + Level 4.7 Short Blades
 - Level 2.1 Throwing
 - Level 1.2 Dodging
 * Level 8.3 Stealth


You had 5 spell levels left.
You didn't know any spells.
Your spell library was empty.

Dungeon Overview and Level Annotations

Branches:
Dungeon (5/15)             Temple (1/1) D:4

Altars:
Dithmenos
Elyvilon
Fedhas
Hepliaklqana
Kikubaaqudgha
Nemelex Xobeh
Qazlal
Sif Muna
Trog
Uskayaw
Vehumet
Wu Jian
Xom
Yredelemnul
The Shining One

Annotations:
D:3 3 runed translucent doors, Viceroy's ghost, amateur FoFi


Innate Abilities, Weirdness & Mutations

You are small and have problems with some larger weapons.
You are completely attuned to the shadows.


Message History

You are too injured to fight recklessly!
You are too injured to fight recklessly!
You are too injured to fight recklessly!
You are too injured to fight recklessly!
You are too injured to fight recklessly!
You are too injured to fight recklessly!
You are too injured to fight recklessly!
You are too injured to fight recklessly!
You are too injured to fight recklessly!
You are too injured to fight recklessly!
You are too injured to fight recklessly!
You are too injured to fight recklessly!
You are too injured to fight recklessly!
You are too injured to fight recklessly!
You are too injured to fight recklessly!
You are too injured to fight recklessly!
You are too injured to fight recklessly!
You are too injured to fight recklessly!
You hit the iguana.
The iguana is moderately wounded.
You hit the iguana.
The iguana is heavily wounded.
The iguana closely misses you.
You hit the iguana but do no damage.
The iguana is heavily wounded.
The iguana barely misses you.
You hit the iguana.
The iguana is heavily wounded.
The iguana bites you!
* * * LOW HITPOINT WARNING * * *
You hit the iguana.
The iguana is severely wounded.
You hit the iguana.
The iguana is almost dead.
The iguana hisses menacingly.
The iguana closely misses you.
You hit the iguana but do no damage.
The iguana is almost dead.
The iguana bites you!
You die...

#.....# #
#.....# #
####'## #
#.# # #.# #
#.##########
#
#..........#
#
##########.#
#@# #l# #.#
#.# #.#


You could see an iguana.

Vanquished Creatures
  A necrophage (D:5)
  A water moccasin skeleton (D:4)
  A hound (D:4)
  2 iguanas (D:5)
  A hound skeleton (D:5)
  An adder (D:4)
  2 worms
  A dart slug (D:3)
  2 orcs
  4 bats
  8 endoplasms
  2 giant cockroaches (D:2)
  4 goblins
  4 hobgoblins
  2 jackals (D:4)
  A quokka (D:1)
  2 ball pythons (D:2)
  2 frilled lizards
  3 kobolds
  5 rats
49 creatures vanquished.

Notes
Turn   | Place    | Note
-------+----------+-------------------------------------------
     0 | D:1      | Nattfarinn the Kobold Brigand began the quest for the Orb.
     0 | D:1      | Reached XP level 1. HP: 12/12 MP: 1/1
   162 | D:1      | Reached XP level 2. HP: 18/18 MP: 2/2
  1086 | D:2      | Reached skill level 6 in Stealth
  1086 | D:2      | Reached XP level 3. HP: 22/22 MP: 3/3
  1305 | D:2      | Found a faded altar of an unknown god.
  1624 | D:3      | Found a runed translucent gate.
  1625 | D:3      | Found a runed translucent gate.
  1667 | D:3      | Found a runed translucent gate.
  1777 | D:3      | Found a hazy altar of Hepliaklqana.
  1808 | D:3      | Found a white marble altar of Elyvilon.
  2274 | D:3      | Identified the +7 short sword of Causality {flame, rF++}
  2274 | D:3      | Identified the +1 chain mail of Untruth {Dex+8 Stlth+}
  2274 | D:3      | Noticed Viceroy's ghost (amateur FoFi)
  2346 | D:4      | Reached XP level 4. HP: 27/27 MP: 4/4
  2759 | D:4      | Found a sparkling altar of Nemelex Xobeh.
  2820 | D:4      | Found a shimmering altar of Xom.
  3123 | D:4      | Found a staircase to the Ecumenical Temple.
  3129 | Temple   | Entered the Ecumenical Temple
  3403 | D:4      | Reached skill level 7 in Stealth
  3408 | D:4      | Reached XP level 5. HP: 29/32 MP: 5/5
  3667 | D:5      | Entered Level 5 of the Dungeon
  3786 | D:5      | Found a stormy altar of Qazlal.
  3896 | D:5      | Noticed a necrophage
  3900 | D:5      | Killed a necrophage
  3901 | D:5      | Reached skill level 8 in Stealth
  3901 | D:5      | Reached XP level 6. HP: 38/38 MP: 6/6
  4028 | D:5      | Found a bloodstained altar of Trog.
  4269 | D:5      | Slain by an iguana

Illustrated notes

Levels and vault maps discovered:
D:1:      eino_arrival_water_cross, layout_basic, nicolae_figureground_pulse
D:2:      layout_rooms, nicolae_ecumenical_lake_church,
          chequers_serial_rivers_small_b
D:3:      layout_basic, overflow_temple_1_default, general_overflow_altar,
          biasface_ghost_orc_armoury
D:4:      layout_layer_cave, mainiacjoe_overflow_boulevard, old_standard_altar,
          minmay_temple_entry_large_hall, kennysheep_generic_room_3
D:5:      layout_basic, grunt_qazlal_sundering, trog_book
Temple:   jpeg_temple_island

Skill      XL: |  1  2  3  4  5  6 |
---------------+-------------------+-----
Short Blades   | 3 4 |  4.7
Stealth        | 6 7 8 |  8.3
Fighting       | 3 4 |  4.0
Throwing       | |  2.1
Dodging        | |  1.2

Action                   |  1- 3 |  4- 6 || total
-------------------------+-------+-------++-------
Melee: Dagger            |    80 |    77 ||   157
       Punch             |     1 |       ||     1
 Stab: Sleeping          |    23 |     8 ||    31
Armor: Robe              |    12 |     9 ||    21
Dodge: Dodged            |    36 |    43 ||    79

Table legend: (Time is in decaauts)
 A = Elapsed time spent in this place.
 B = Non-inter-level travel time spent in this place.
 C = Inter-level travel time spent in this place.
 D = Time resting spent in this place.
 E = Time spent auto-exploring this place.
 F = Levels seen in this place.
 G = Mean time per level.
                   A        B        C        D        E       F      G
               +--------+--------+--------+--------+--------+-----+--------+
         Total |   4277 |   4092 |    185 |    319 |   3384 |   6 |  712.8 |
       Dungeon |   3973 |   3812 |    161 |    319 |   3112 |   5 |  794.6 |
        Temple |    304 |    280 |     24 |      0 |    272 |   1 |  304.0 |
               +--------+--------+--------+--------+--------+-----+--------+

Top non-repeatable levels by time:
     D:4: 1073 daAuts
     D:1: 913 daAuts
     D:2: 835 daAuts
     D:5: 595 daAuts
     D:3: 557 daAuts
  Temple: 304 daAuts
